[Event "***Titled Tuesday 3|2 Blitz"]
[Site "Chess.com"]
[Date "2017.02.07"]
[Round "7"]
[White "GMHess"]
[Black "Divertissement"]
[Result "1-0"]
[WhiteElo "2593"]
[BlackElo "2436"]
[TimeControl "180+2"]
[EndTime "14:40:47 PST"]
[Termination "GMHess won on time"]

1. b3 d6 2. Bb2 Nd7 3. d4 Ngf6 4.
Nf3 g6 5. Nbd2 Bg7 6. e3 O-O 7. h3 c5 8. c4 cxd4 9. exd4 d5 10. Be2 dxc4 11. bxc4 b6 12. O-O Bb7 13. a4 Rb8 14. a5 bxa5 15. Bc3 Ne4 16. Nxe4 Bxe4 17. Rxa5 Qc7 18. Qa1 Bxf3 19. Bxf3 Qxc4 20. Ra4 Qd3 21. Rd1 Qc2 22. Ra2 Qf5 23. Bg4 Qd5 24. Rxa7 Nf6 25. Bf3 Qd6 26. d5 Ne8 27. Re1 Bxc3 28. Qxc3 Nf6 29.
Qc6 Rfd8 30. Raxe7 1-0

[Event "***Titled Tuesday 3|2 Blitz"]
[Site "Chess.com"]
[Date "2017.02.07"]
[Round "7"]
[White "Gergo85"]
[Black "AkshatChandra"]
[Result "1-0"]
[WhiteElo "2451"]
[BlackElo "2640"]
[TimeControl "180+2"]
[EndTime "14:40:52 PST"]
[Termination "Gergo85 won by resignation"]

1. e4 e6 2. d4 d5 3. Nd2 c5 4.
Ngf3 cxd4 5. Nxd4 Nf6 6. exd5 Qxd5 7. Nb5 Na6 8. Nc3 Qd6 9. Be2 Bd7 10. O-O Bc6 11.
Nc4 Qxd1 12. Rxd1 Nb4 13. Ne3 Bc5 14. a3 Bxe3 15. axb4 Bxc1 16. Rdxc1 Ke7 17. b5 Be4 18. Ra4 Bg6 19. Bf3 Rhb8 20. h4 h6 21. Rca1 a6 22.
bxa6 Rxa6 23. Rc1 Rxa4 24. Nxa4 b5 25. Nc5 Kd6 26. b4 Nd5 27. Bxd5 Kxd5 28. c3 Kc4 29. Nd7 Rd8 30. Ne5+ Kb3 31. Nxg6 fxg6 32. Kh2 Rd6 33. f3 Rc6 34. Re1 Kxc3 35. Rc1+ 1-0

[Event "***Titled Tuesday 3|2 Blitz"]
[Site "Chess.com"]
[Date "2017.02.07"]
[Round "7"]
[White "pastouche06"]
[Black "pedromartinez91"]
[Result "0-1"]
[WhiteElo "2331"]
[BlackElo "2327"]
[TimeControl "180+2"]
[EndTime "14:40:54 PST"]
[Termination "pedromartinez91 won by resignation"]

1. d4 d5 2. c4 Nc6 3. Nc3 Nf6 4.
Nf3 Bg4 5. Ne5 Nxe5 6. dxe5 d4 7. Nb5 Nd7 8. Qxd4 Be6 9. h4 g6 10. h5 Bg7 11. hxg6 hxg6 12. Rxh8+ Bxh8 13. Bf4 c6 14. Nc3 Nxe5 15. Qc5 Nxc4 16. Rd1 Qb6 17. Qxb6 axb6 18.
Bc1 Bxc3+ 19. bxc3 Rxa2 20. e3 Na3 21. Bd3 Nc2+ 22.
Kf1 Na3 23. Kg1 Bc4 24. Be4 Nb5 25. Bd2 Bb3 26. Rb1 Bc2 27. Bxc2 Rxc2 28. Be1 Kd7 29.
Kf1 Kc7 30. Rb3 Nd6 31. Rb4 b5 32. Rf4 Kd7 33. e4 g5 34. Rg4 f6 35. e5 Nc4 36. exf6 exf6 37. Rd4+ Ke6 38. g3 Rc1 39.
Ke2 Ne5 40. f4 Rxe1+ 41. Kxe1 Nf3+ 0-1

[Event "***Titled Tuesday 3|2 Blitz"]
[Site "Chess.com"]
[Date "2017.02.07"]
[Round "7"]
[White "ShimanovAlex"]
[Black "BilodeauA"]
[Result "1-0"]
[WhiteElo "2665"]
[BlackElo "2596"]
[TimeControl "180+2"]
[EndTime "14:40:56 PST"]
[Termination "ShimanovAlex won by resignation"]

1. d4 d5 2. Bf4 Nf6 3. e3 e6 4.
Nd2 Bd6 5. Bg3 O-O 6. Ngf3 c5 7. c3 Nc6 8. Bd3 b6 9. Qe2 Bb7 10. Rd1 Be7 11. Ne5 Nxe5 12. dxe5 Nd7 13. f4 f5 14. exf6 Nxf6 15. e4 Qe8 16. e5 Nh5 17. Qg4 Qf7 18. O-O Nxg3 19. hxg3 g6 20. Nf3 Rad8 21. Nh4 c4 22.
Bc2 Bc5+ 23. Kh2 d4 24. cxd4 Rxd4 25. Rxd4 Bxd4 26. f5 Bxe5 27. fxg6 Qxf1 28. gxh7+ Kf7 29. Qh5+ Ke7 30. Qxe5 Qc1 31. Qg7+ Rf7 32. Qxf7+ Kxf7 33. h8=Q Qxc2 34. Qb8 Qe4 35. Qxa7 Qc6 36. Nf3 Ke7 37. Qb8 b5 38. a3 Qe4 39. Qc7+ Ke8 40. g4 Bd5 41. g5 Qf4+ 42. Qxf4 1-0

[Event "***Titled Tuesday 3|2 Blitz"]
[Site "Chess.com"]
[Date "2017.02.07"]
[Round "7"]
[White "ChristopherYoo"]
[Black "Daniela_Movileanu"]
[Result "1-0"]
[WhiteElo "2114"]
[BlackElo "2077"]
[TimeControl "180+2"]
[EndTime "14:41:03 PST"]
[Termination "ChristopherYoo won by checkmate"]

1. e4 c5 2. Nf3 d6 3. d4 Nf6 4.
Nc3 cxd4 5. Nxd4 a6 6. f3 e6 7. Be3 b5 8. a3 Nbd7 9. Qd2 Bb7 10. g4 Nb6 11. Qf2 Nfd7 12. O-O-O Qc7 13. Ndxb5 axb5 14. Nxb5 Qc6 15. Bxb6 Nxb6 16. Qd4 e5 17. Nxd6+ Bxd6 18. Qxd6 Qxd6 19. Rxd6 Nc8 20. Bb5+ Ke7 21. Rd7+ Ke6 22.
Rxb7 Nd6 23. Rb6 Rhc8 24. Rd1 Rd8 25. Bc6 Rac8 26. Bd5+ Ke7 27. Rd3 Rc5 28. Rc6 Rb5 29.
c4 Rbb8 30. b4 g6 31. Rc7+ Ke8 32. c5 Nb5 33. Bc6+ Kf8 34. Bxb5 Rxd3 35. Bxd3 Ra8 36.
Kb2 Ke8 37. Bc4 f5 38. gxf5 gxf5 39. exf5 Rd8 40. f6 Rd2+ 41. Kc3 Rf2 42. f7+ Kf8 43. Rc8+ Kg7 44. Rg8+ Kh6 45. f8=Q+ Kh5 46. Bf7+ Kh4 47. Qh6# 1-0

[Event "***Titled Tuesday 3|2 Blitz"]
[Site "Chess.com"]
[Date "2017.02.07"]
[Round "7"]
[White "ftorodent"]
[Black "Janosik"]
[Result "1/2-1/2"]
[WhiteElo "2542"]
[BlackElo "2616"]
[TimeControl "180+2"]
[EndTime "14:41:08 PST"]
[Termination "Game drawn by repetition"]

1. d4 Nf6 2. c4 e6 3. Nf3 d5 4.
Nc3 dxc4 5. e4 Bb4 6. Bg5 h6 7. Bxf6 Qxf6 8. Bxc4 O-O 9. O-O c5 10. e5 Qd8 11. d5 Bxc3 12. bxc3 exd5 13. Bxd5 Nc6 14.
h3 Bf5 15. c4 Qe7 16. Re1 Rad8 17. a3 b5 18. Qb3 bxc4 19. Qxc4 Na5 20. Qa2 Be6 21. Rad1 c4 22. Bxe6 fxe6 23. Qc2 Qxa3 24. Nd4 Qe7 25. Qc3 Rd5 26. Ra1 Qc5 27. Nxe6 Qxf2+ 28. Kh1 Rd2 29. Rg1 Rd3 30. Qxa5 Rff3 31. gxf3 Qxf3+ 32. Rg2 Qxh3+ 33. Kg1 Qe3+ 34. Kh1 Qh3+ 35. Kg1 Qe3+ 36.
Rf2 Qg3+ 37. Rg2 Qe3+ 1/2-1/2

[Event "***Titled Tuesday 3|2 Blitz"]
[Site "Chess.com"]
[Date "2017.02.07"]
[Round "7"]
[White "SergeiAza"]
[Black "martinique24"]
[Result "1-0"]
[WhiteElo "2514"]
[BlackElo "2334"]
[TimeControl "180+2"]
[EndTime "14:41:20 PST"]
[Termination "SergeiAza won by checkmate"]

1. e4 c5 2. Nf3 d6 3. d4 cxd4 4.
Nxd4 Nf6 5. Nc3 a6 6. Bg5 e6 7. f4 h6 8. Bh4 Qb6 9. a3 Be7 10. Bf2 Qc7 11. Qf3 Nbd7 12. O-O-O b5 13. g4 Bb7 14. f5 Nc5 15. fxe6 fxe6 16. Bd3 O-O 17. Qe2 Rac8 18. Kb1 d5 19. exd5 Nxd5 20.
Nxd5 Bxd5 21. Bg3 Qb6 22. Rhe1 Bf6 23. Be5 Bxe5 24. Qxe5 b4 25. axb4 Qxb4 26. Nf5 exf5 27. Qxd5+ Kh8 28. Bxf5 Rb8 29. Qd4 Qb6 30. Re7 Rf6 31.
Rde1 Rbf8 32. Re8 Qb5 33. Qxf6 gxf6 34. Rxf8+ Kg7 35. Rfe8 h5 36. h4 Nd7 37. R1e7+ Kh6 38. Rh7# 1-0

[Event "***Titled Tuesday 3|2 Blitz"]
[Site "Chess.com"]
[Date "2017.02.07"]
[Round "7"]
[White "kikydu96"]
[Black "kleinebeer98"]
[Result "0-1"]
[WhiteElo "2339"]
[BlackElo "2484"]
[TimeControl "180+2"]
[EndTime "14:41:30 PST"]
[Termination "kleinebeer98 won by resignation"]

1. e4 e5 2. Nf3 Nc6 3. Bc4 Nf6 4. d3 h6 5. c3 d6 6. Bb3 a6 7. h3 Qe7 8. Nbd2 Be6 9. Nf1 O-O-O 10.
Ne3 d5 11. exd5 Nxd5 12. O-O g5 13. Nxd5 Bxd5 14. Qe2 f6 15. Bxd5 Rxd5 16. Qe4 Qe6 17. Re1 Bg7 18. Qe2 f5 19. d4 g4 20. hxg4 fxg4 21.
Nh2 h5 22. Bf4 Qf7 23. Bxe5 Bxe5 24. dxe5 Rxe5 25. Qd3 Rf5 26. Re2 h4 27. Nxg4 h3 28.
gxh3 Rf3 29. Qe4 Rfxh3 30. Kg2 Kb8 31. f3 Qh5 32. Rd1 Rh2+ 33. Kg3 Qh4+ 34. Kf4 Rf8+ 35.
Ke3 Qg5+ 36. Kd3 Qb5+ 37. c4 Rd8+ 38. Kc2 Qa4+ 39. b3 Rxe2+ 40. Qxe2 Qxa2+ 0-1

[Event "***Titled Tuesday 3|2 Blitz"]
[Site "Chess.com"]
[Date "2017.02.07"]
[Round "7"]
[White "Grebeniuk-S"]
[Black "biostatistician"]
[Result "0-1"]
[WhiteElo "2436"]
[BlackElo "2504"]
[TimeControl "180+2"]
[EndTime "14:41:36 PST"]
[Termination "biostatistician won by resignation"]

1. d4 Nf6 2. Nf3 g6 3. Bg5 Bg7 4. Nbd2 O-O 5. c3 c5 6. e3 b6 7.
Be2 Bb7 8. O-O d6 9. a4 Nc6 10. Qc2 Rc8 11. Rfd1 Rc7 12. Nc4 Qa8 13. d5 Na5 14. Nxa5 bxa5 15. e4 Bc8 16. Nd2 e6 17. dxe6 Bxe6 18. Bc4 Bxc4 19. Bxf6 Be2 20. Re1 Bxf6 21.
Rxe2 Re8 22. Rae1 d5 23. exd5 Rxe2 24. Rxe2 Qxd5 25. Qe4 Qa2 26. g3 Qxb2 27. Nc4 Qxc3 28.
Qa8+ Kg7 29. Nd6 Re7 30. Ne8+ Kh6 31. Rxe7 Bxe7 32. Qe4 Bg5 33. h4 Bc1 34. Kg2 Qd4 35. Qe7 Qd5+ 36. Kh2 Bb2 37. Qf8+ Kh5 38. Nf6+ Bxf6 39.
Qc8 Kh6 40. Qc7 Kg7 41. Qxa7 c4 0-1

[Event "***Titled Tuesday 3|2 Blitz"]
[Site "Chess.com"]
[Date "2017.02.07"]
[Round "7"]
[White "ka1ser64"]
[Black "Angry_Serb"]
[Result "0-1"]
[WhiteElo "2295"]
[BlackElo "2414"]
[TimeControl "180+2"]
[EndTime "14:41:36 PST"]
[Termination "Angry_Serb won by resignation"]

1. d4 Nf6 2. c4 c5 3. d5 e6 4. Nc3 exd5 5. cxd5 Bd6 6. e4 O-O 7.
Nf3 Re8 8. Nd2 Bc7 9. Be2 d6 10.
O-O a6 11. a4 Nbd7 12. f4 Nf8 13. Bf3 Rb8 14. Re1 Ng6 15. g3 b5 16. axb5 axb5 17.
Nf1 b4 18. Nb1 c4 19. Qc2 c3 20. bxc3 Nxd5 21. cxb4 Nxb4 22. Qc3 d5 23. Bb2 d4 24. Qd2 Ba6 25. Rd1 Bd3 26. e5 Bxe5 27. fxe5 Nxe5 28. Bg2 Nc4 29. Qf2 Re2 30. Bxd4 Rxf2 31. Bxf2 Qf6 32. Nbd2 Nxd2 33. Nxd2 Bc2 34. Rf1 Bd3 35. Rfc1 Nc2 36. Rab1 Rd8 37. Rb3 Bg6 38. Ne4 Qe6 39. Rc3 Nb4 40.
Nc5 Qf6 41. Bf1 h5 42. Be3 Nd5 43. Ra3 Nxe3 44. Rxe3 Qd4 45. Kf2 Re8 46. Rc3 Rxe3 47. Rxe3 Qxc5 0-1

[Event "***Titled Tuesday 3|2 Blitz"]
[Site "Chess.com"]
[Date "2017.02.07"]
[Round "7"]
[White "wonderfultime"]
[Black "GMBenjaminBok"]
[Result "0-1"]
[WhiteElo "2643"]
[BlackElo "2641"]
[TimeControl "180+2"]
[EndTime "14:41:39 PST"]
[Termination "GMBenjaminBok won on time"]

1. d4 Nf6 2. c4 g6 3. Nc3 d5 4. Bg5 Ne4 5. Bf4 Nxc3 6. bxc3 Bg7 7. e3 c5 8. Nf3 O-O 9. Be2 dxc4 10. Bxc4 Nc6 11. O-O Bf5 12. Rc1 Rc8 13. h3 Na5 14. Be2 b6 15. Qd2 Be6 16. Ng5 Bc4 17. Rfd1 Qd7 18.
d5 Qb5 19. Bf3 Rcd8 20. h4 Qa4 21. e4 Qxa2 22. Qe3 Nb3 23. Rb1 Qc2 24. e5 Bxd5 25.
h5 Bxf3 26. Qxf3 Rxd1+ 27. Rxd1 Qf5 28. hxg6 hxg6 29. g4 Qc2 30. Rd7 Bh6 31. Rxe7 Nd2 32. Qh3 Bxg5 33. Bxg5 Qd1+ 34. Kg2 Qf1+ 35. Kh2 Qxf2+ 36.
Kh1 Qe1+ 37. Kh2 Qf2+ 38. Kh1 Nf3 0-1

[Event "***Titled Tuesday 3|2 Blitz"]
[Site "Chess.com"]
[Date "2017.02.07"]
[Round "7"]
[White "EmeseBalogh"]
[Black "gumersindo"]
[Result "1-0"]
[WhiteElo "1999"]
[BlackElo "2323"]
[TimeControl "180+2"]
[EndTime "14:41:40 PST"]
[Termination "EmeseBalogh won by resignation"]

1. e4 e5 2. Nf3 Nc6 3. d4 exd4 4.
Bc4 Nf6 5. e5 d5 6. Bb5 Ne4 7.
Nxd4 Bd7 8. Bxc6 bxc6 9. O-O Bc5 10. Be3 Bb6 11. c3 O-O 12. f3 Ng5 13. f4 Ne4 14. Nd2 Nxd2 15. Qxd2 Qe7 16. Rae1 Qd8 17. f5 Re8 18. f6 Rxe5 19. fxg7 Qe7 20. Bf4 Re4 21. b4 a5 22. a3 axb4 23. axb4 Re8 24. Rxe4 Qxe4 25.
h3 Re6 26. Kh2 Rg6 27. Nf3 Rxg7 28. Ne5 Be6 29. Nxc6 d4 30. Nxd4 Bxd4 31. cxd4 Bd5 32. Rf2 c6 33. Be5 Rg6 34. Qe2 Qxe2 35. Rxe2 Re6 36.
Rf2 Kf8 37. g4 Ke7 38. g5 Kd7 39. Kg3 Ke7 40. Kg4 Be4 41. Rf4 Bg6 42. h4 Ke8 43. h5 Bd3 44. Rf2 Re7 45. h6 Rb7 46. Rb2 Bc4 47. Kf5 Bd3+ 48. Kf6 Bg6 49. Ra2 Rxb4 50. Ra7 Rb1 51. Rc7 Rf1+ 52. Kg7 Rf5 53. Bf6 c5 54.
dxc5 Rd5 55. Re7+ 1-0

[Event "***Titled Tuesday 3|2 Blitz"]
[Site "Chess.com"]
[Date "2017.02.07"]
[Round "7"]
[White "Sethu0025"]
[Black "Jospem"]
[Result "0-1"]
[WhiteElo "2548"]
[BlackElo "2537"]
[TimeControl "180+2"]
[EndTime "14:41:41 PST"]
[Termination "Jospem won by resignation"]

1. e4 e5 2. Nf3 Nc6 3. Bc4 Bc5 4.
c3 Nf6 5. d3 d6 6. Nbd2 h6 7. a4 a6 8. b4 Bb6 9. O-O O-O 10. Bb3 Be6 11. Nc4 Ba7 12. Be3 Bxe3 13. Nxe3 Qe8 14. h3 Nh5 15. Kh2 Nf4 16. Bc2 d5 17. g3 dxe4 18. dxe4 Rd8 19. Qc1 Nxh3 20.
Kg2 Ng5 21. Nxg5 hxg5 22. Rh1 Qe7 23. Nd5 Rxd5 24. exd5 Bxd5+ 25. f3 g6 26. Be4 Bxe4 27. fxe4 Kg7 28. Qe3 Nd8 29. Rh2 Rh8 30. Rxh8 Kxh8 31. Rd1 Ne6 32. Rd5 c6 33. Rd2 Kg7 34. a5 g4 35. Qb6 Qg5 36. Qf2 Qh6 37. Kf1 Qh1+ 38. Ke2 Ng5 39. Rd1 Qxe4+ 40. Kd2 Qc4 41. Qe3 Nf3+ 42.
Kc1 Qb3 43. Qc5 Qa3+ 44. Kc2 Qa2+ 45. Kd3 Qg2 46. Qe3 Qxg3 47. Kc4 Qf4+ 48. Qxf4 exf4 49. Kd3 f5 50. Ke2 Ne5 51. Rd8 g3 52. Rb8 f3+ 53.
Kf1 g2+ 54. Kf2 Nd3+ 55. Kxf3 g1=Q 56. Rxb7+ Kf6 57. b5 Qg4+ 0-1

[Event "***Titled Tuesday 3|2 Blitz"]
[Site "Chess.com"]
[Date "2017.02.07"]
[Round "7"]
[White "DryCounty"]
[Black "Rating-Schmating"]
[Result "1-0"]
[WhiteElo "2397"]
[BlackElo "2276"]
[TimeControl "180+2"]
[EndTime "14:41:42 PST"]
[Termination "DryCounty won by resignation"]

1. Nf3 Nf6 2. c4 c5 3. Nc3 b6 4. d4 cxd4 5. Nxd4 Bb7 6. f3 e6 7. e4 d6 8. Be3 a6 9. Be2 Nbd7 10.
O-O Be7 11. a4 Qc7 12. a5 O-O 13. Nb3 Nc5 14. axb6 Qxb6 15. Nxc5 dxc5 16. Ra3 Rfd8 17. Qb3 Qc7 18. Qc2 Bc6 19. Rfa1 Bb7 20. f4 Nd7 21. e5 Nb6 22. b3 Qd7 23. Rd1 Qc7 24. Raa1 Rxd1+ 25. Rxd1 Rd8 26. Rxd8+ Qxd8 27. Qd2 Qxd2 28. Bxd2 Kf8 29. g3 Ke8 30. Kf2 Kd7 31.
Be3 Kc7 32. Bf3 Bxf3 33. Kxf3 Kc6 34. Ke4 g6 35. Kd3 h5 36. Ne4 Nd7 37. Bd2 f5 38.
exf6 Nxf6 39. Ng5 Kd6 40. Nf7+ Kc7 41. Ne5 Ng4 42. Nxg6 Bf6 43. h4 Kd7 44. Be3 Kd6 45.
Ke4 Bg7 46. Bg1 Nf6+ 47. Kf3 Ng4 48. Be3 Bb2 49. Bd2 Bd4 50. Ba5 Nh2+ 51. Ke4 Ng4 52.
f5 Nf2+ 53. Kf4 Nh3+ 54. Ke4 Nf2+ 55. Kf3 exf5 56. Nf4 Ne4 57. Nxh5 Nd2+ 58. Bxd2 1-0

[Event "***Titled Tuesday 3|2 Blitz"]
[Site "Chess.com"]
[Date "2017.02.07"]
[Round "7"]
[White "Vrolijk"]
[Black "Robin-Side"]
[Result "0-1"]
[WhiteElo "2294"]
[BlackElo "2374"]
[TimeControl "180+2"]
[EndTime "14:41:44 PST"]
[Termination "Robin-Side won by resignation"]

1. d4 g6 2. g3 Bg7 3. Bg2 e6 4.
e4 Ne7 5. Ne2 O-O 6. O-O d5 7.
Nbc3 b6 8. Nf4 Bb7 9. exd5 Nxd5 10. Ncxd5 exd5 11. c4 c6 12. cxd5 cxd5 13. Be3 Na6 14.
Qb3 Nc7 15. Rac1 Qd6 16. Nd3 Ne6 17. Qb4 Qxb4 18. Nxb4 Nxd4 19. Bxd4 Bxd4 20. Nxd5 Kg7 21. Rc7 Bxd5 22. Bxd5 Rac8 23. Rxa7 Bxb2 24. Re1 Rcd8 25.
Bb3 Rd6 26. Ree7 Rf6 27. Red7 h5 28. Kg2 Bc3 29. f4 Bb4 30. Kf3 Bc5 31. Rab7 Bb4 32. Ke4 Bc5 33. Kd3 Bg1 34. h3 Bh2 35. g4 hxg4 36.
hxg4 Bxf4 37. Ke4 Bc1 38. Rbc7 Bg5 39. Kd5 Be3 40. Ke4 Bc5 41. a4 Bg1 42. Rb7 Re8+ 43. Kd5 Re3 44. Bc4 Ref3 45. Ke4 R6f4+ 46. Kd5 Rd4+ 0-1

[Event "***Titled Tuesday 3|2 Blitz"]
[Site "Chess.com"]
[Date "2017.02.07"]
[Round "7"]
[White "salomez"]
[Black "chorejason"]
[Result "1-0"]
[WhiteElo "2149"]
[BlackElo "2022"]
[TimeControl "180+2"]
[EndTime "14:41:52 PST"]
[Termination "salomez won by resignation"]

1. e4 c5 2. Nf3 d6 3. d4 cxd4 4.
Nxd4 Nf6 5. Nc3 g6 6. Be3 Bg7 7. f3 O-O 8. Qd2 Nc6 9. O-O-O d5 10. Kb1 e5 11. Nxc6 bxc6 12. exd5 cxd5 13. Nxd5 Bf5 14. Bg5 Rc8 15. Ne3 Qb6 16. Nxf5 gxf5 17. Be2 e4 18.
Be3 Qb7 19. Bd4 Rfd8 20. Qg5 Rxd4 21. Rxd4 Nd5 22. Rhd1 Nc3+ 23. Ka1 Nxd1 24. Rd8+ Rxd8 25. Qxd8+ Bf8 26. Bxd1 Qb6 27. Qxb6 axb6 28. c3 Kg7 29. Kb1 Kf6 30. Kc2 Bd6 31. h3 Ke5 32. Kd2 Kf4 33.
Ke2 Kg3 34. Kf1 e3 35. Be2 Be5 36. Bd3 Kf4 37. Ke2 Bd6 38. b4 h5 39. a4 Be5 40.
c4 Bc3 41. b5 Bd4 42. Bc2 Kg3 43. Kf1 f4 44. Bf5 h4 45. Bc8 e2+ 46. Kxe2 Kxg2 47.
Bg4 Kg3 48. Kd3 Kf2 49. Kxd4 1-0

[Event "***Titled Tuesday 3|2 Blitz"]
[Site "Chess.com"]
[Date "2017.02.07"]
[Round "7"]
[White "latigre"]
[Black "olgerts_indricans"]
[Result "0-1"]
[WhiteElo "1739"]
[BlackElo "2309"]
[TimeControl "180+2"]
[EndTime "14:41:54 PST"]
[Termination "olgerts_indricans won by resignation"]

1. e4 c5 2. Nc3 Nc6 3. f4 e6 4.
Nf3 d5 5. Bb5 Ne7 6. Ne5 Bd7 7.
Nxd7 Qxd7 8. d3 a6 9. Bxc6 Qxc6 10. O-O O-O-O 11. Qf3 g6 12. e5 h5 13. Bd2 Nf5 14. Ne2 Qb6 15. Kh1 Qxb2 16. Ba5 Rd7 17. Rfb1 Qa3 18.
Bb6 Be7 19. Qf2 h4 20. Rb3 Qa4 21. Bxc5 Ng3+ 22. Nxg3 hxg3 23. Qd4 Rxh2+ 24. Kg1 Qc6 25. Bb6 Kb8 26. Qe3 d4 27. Qxg3 Rh8 28. Rab1 Bh4 29.
Qf3 Qxf3 30. gxf3 Bg3 31. Kg2 Bxf4 32. Bc5 Rh2+ 33. Kg1 Bxe5 34. Rb6 Rxc2 35. Bf8 Ka7 36. R6b2 Rc3 37. Rb3 Rdc7 38. Kg2 Rc2+ 39. Kh3 f5 40. Kh4 Bf4 41. Rxb7+ Rxb7 42. Bc5+ Rxc5 43. Rxb7+ Kxb7 0-1

[Event "***Titled Tuesday 3|2 Blitz"]
[Site "Chess.com"]
[Date "2017.02.07"]
[Round "7"]
[White "Saitama_Hero"]
[Black "aa175"]
[Result "1-0"]
[WhiteElo "2048"]
[BlackElo "1914"]
[TimeControl "180+2"]
[EndTime "14:41:57 PST"]
[Termination "Saitama_Hero won by checkmate"]

1. d4 d5 2. c4 dxc4 3. Nf3 c6 4.
e3 b5 5. a4 a6 6. axb5 cxb5 7.
b3 cxb3 8. Bxb5+ Bd7 9. Bxd7+ Nxd7 10. Qxb3 Ngf6 11. O-O e6 12. Nc3 Bd6 13. e4 e5 14.
dxe5 Nxe5 15. Nxe5 Bxe5 16. Ba3 Rb8 17. Qa4+ Qd7 18.
Rab1 Rxb1 19. Rxb1 Qxa4 20. Nxa4 Kd7 21. Nc5+ Kc6 22. Nxa6 Nxe4 23. Nb4+ Kd7 24. Re1 f5 25. Nd3 Bd4 26. Bb2 Bxb2 27. Nxb2 Rb8 28. Nc4 Rb4 29.
Ne3 g6 30. f3 Nd6 31. Nd5 Rb5 32. Nf6+ Kc6 33. Nxh7 Rb2 34. Nf8 g5 35. Ne6 g4 36.
fxg4 fxg4 37. Nf4 Nf5 38. Re6+ Kd7 39. Re1 Nh4 40. Re2 Rxe2 41. Nxe2 Ke6 42. Kf2 Kf5 43.
Kg3 Ng6 44. Nd4+ Kg5 45. Ne6+ Kh5 46. Nf4+ Nxf4 47. Kxf4 Kh4 48. Kf5 g3 49. h3 Kh5 50.
Kf4 Kh4 51. Kf3 Kh5 52. Kxg3 Kh6 53. Kg4 Kh7 54. h4 Kh8 55. h5 Kg8 56. Kg5 Kh8 57. g4 Kg8 58. Kg6 Kh8 59. g5 Kg8 60. h6 Kh8 61. Kf7 Kh7 62. g6+ Kxh6 63. g7 Kg5 64.
g8=Q+ Kf4 65. Qg6 Ke3 66. Qg4 Kd2 67. Qf3 Kc1 68. Qe2 Kb1 69. Ke6 Ka1 70. Kd5 Kb1 71.
Kc4 Ka1 72. Kb3 Kb1 73. Qd1# 1-0

[Event "***Titled Tuesday 3|2 Blitz"]
[Site "Chess.com"]
[Date "2017.02.07"]
[Round "7"]
[White "Generalas"]
[Black "Cecile_Haussernot"]
[Result "1-0"]
[WhiteElo "2192"]
[BlackElo "2254"]
[TimeControl "180+2"]
[EndTime "14:42:00 PST"]
[Termination "Generalas won on time"]

1. Nf3 c5 2. c4 e6 3. g3 d5 4. Bg2 Nc6 5. O-O Nf6 6. cxd5 exd5 7. d4 Be7 8. Nc3 O-O 9. b3 Bg4 10. dxc5 d4 11. Na4 b5 12. cxb6 axb6 13.
h3 Bf5 14. Nh4 Bd7 15. Nb2 Bb4 16. Bd2 Bc3 17. Bxc3 dxc3 18. Na4 c2 19. Qxc2 Nd4 20. Qd3 Bb5 21. Qe3 Re8 22. Qg5 h6 23. Qxb5 Nxb5 24. Bxa8 Qxa8 25. e3 Ne4 26. Rac1 Nxg3 27. fxg3 Rxe3 28.
Nxb6 Rxg3+ 29. Kh2 Qxa2+ 30. Kxg3 Qxb3+ 31. Rf3 Qe6 32. Nc4 Nd4 33. Re3 Qf6 34. Ne5 Qg5+ 35.
Ng4 f5 36. Rc8+ Kh7 37. Ree8 f4+ 38. Kf2 Qxh4+ 39. Kf1 Qxh3+ 40. Kf2 Qg3+ 41. Kf1 Qxg4 42. Rh8+ 1-0

[Event "***Titled Tuesday 3|2 Blitz"]
[Site "Chess.com"]
[Date "2017.02.07"]
[Round "7"]
[White "Maitreia"]
[Black "maciek_92"]
[Result "0-1"]
[WhiteElo "2482"]
[BlackElo "2578"]
[TimeControl "180+2"]
[EndTime "14:42:04 PST"]
[Termination "maciek_92 won on time"]

1. c4 e5 2. g3 Nc6 3. Bg2 Bc5 4.
Nc3 Nge7 5. Nf3 d6 6. O-O O-O 7. d3 a6 8. a3 h6 9. b4 Ba7 10. Bb2 Be6 11. e3 Rb8 12. d4 exd4 13. exd4 Bxc4 14.
Re1 Nd5 15. Ne4 Nde7 16. d5 Bxd5 17. Nh4 Bxe4 18. Bxe4 Qd7 19. Bc2 Rbe8 20. Qd3 f5 21. Rad1 d5 22. a4 d4 23. b5 axb5 24. axb5 Nb4 25. Qb3+ Nbd5 26. Bxd4 Bxd4 27. Rxd4 c6 28. Red1 Qe6 29. bxc6 bxc6 30. Qc4 Ng6 31. Nxf5 Rxf5 32. Bxf5 Qxf5 33. Qxc6 Nf6 34. Rd8 Rxd8 35. Rxd8+ Kh7 36. Qa8 Ne5 37. Rh8+ Kg6 38. Rf8 Nf3+ 39. Kg2 Ne1+ 40.
Kf1 Nd3 41. Qa2 Qe4 42. Kg1 Ne5 43. Rb8 Kh5 44. Rb5 g5 45. Qb1 Nf3+ 0-1

[Event "***Titled Tuesday 3|2 Blitz"]
[Site "Chess.com"]
[Date "2017.02.07"]
[Round "7"]
[White "AndrewDGreen"]
[Black "johnathan113"]
[Result "0-1"]
[WhiteElo "2146"]
[BlackElo "2355"]
[TimeControl "180+2"]
[EndTime "14:42:04 PST"]
[Termination "johnathan113 won by resignation"]

1. d4 Nf6 2. Nf3 g6 3. Nc3 d5 4.
Bf4 Bg7 5. e3 O-O 6. Be2 c5 7. O-O cxd4 8. exd4 Nc6 9. Ne5 Qb6 10.
Nxc6 bxc6 11. Na4 Qa5 12. c3 Ne4 13. f3 Nd6 14. Nc5 f6 15. Re1 e5 16. b4 Qc7 17.
Bg3 Nf5 18. Bf2 Bh6 19. Bf1 a5 20. a3 Re8 21. g4 Nd6 22. Bg3 Bg7 23. g5 Nf5 24.
gxf6 Bxf6 25. Nd3 Nxg3 26. hxg3 e4 27. Nf4 Bg5 28. fxe4 dxe4 29. Bc4+ Kh8 30. d5 cxd5 31. Bxd5 Ra6 32. Rxe4 Rxe4 33. Bxe4 Qxc3 34. Rc1 Qxg3+ 35. Bg2 Bb7 36. Qd4+ Kg8 37. Qc4+ Kg7 38. Qd4+ Kh6 39.
Rf1 Rf6 40. Qd2 Bxf4 41. Rxf4 Rxf4 42. bxa5 Bxg2 43. Qxg2 Qe1+ 44. Kh2 Rh4+ 45. Qh3 Qf2+ 0-1

[Event "***Titled Tuesday 3|2 Blitz"]
[Site "Chess.com"]
[Date "2017.02.07"]
[Round "7"]
[White "Vegan4future"]
[Black "JeremDev"]
[Result "0-1"]
[WhiteElo "2412"]
[BlackElo "2169"]
[TimeControl "180+2"]
[EndTime "14:42:08 PST"]
[Termination "JeremDev won by resignation"]

1. Nc3 c5 2. e4 Nc6 3. Bc4 e6 4.
d3 Nf6 5. Bg5 Be7 6. Nf3 d6 7. O-O O-O 8. a3 a6 9. Ba2 b5 10. Ne2 e5 11. h3 Be6 12. Ng3 Bxa2 13. Rxa2 g6 14. Ra1 Nd7 15. Bh6 Re8 16. c3 Bf8 17. Qd2 Bxh6 18. Qxh6 Qf6 19. b4 Qg7 20.
Qd2 Nf8 21. Nh2 Ne6 22. Ne2 f5 23. exf5 gxf5 24. f4 Rf8 25. Rf3 Kh8 26. Rg3 Qh6 27. Rf1 a5 28. bxc5 dxc5 29. Rgf3 Rad8 30. Qb2 e4 31.
dxe4 fxe4 32. Rg3 Nc7 33. c4+ Nd4 34. cxb5 Qf6 35. Ng4 Nf3+ 36. Rgxf3 Qxb2 37. R3f2 Qxb5 38. Ng3 e3 39. Nxe3 Rd3 40. Rf3 c4 41. Kh2 Qc5 42. Re1 c3 43. Ngf1 c2 44. Rc1 Rc3 45. f5 Nd5 46. Nxd5 Rxf3 47. gxf3 Qxd5 48. Rxc2 Qxf5 49. Rf2 Qf4+ 50. Kh1 Rg8 51. a4 Qg5 0-1

[Event "***Titled Tuesday 3|2 Blitz"]
[Site "Chess.com"]
[Date "2017.02.07"]
[Round "7"]
[White "proxy6"]
[Black "Alliswell998"]
[Result "0-1"]
[WhiteElo "2089"]
[BlackElo "2150"]
[TimeControl "180+2"]
[EndTime "14:42:13 PST"]
[Termination "Alliswell998 won by resignation"]

1. e4 c5 2. Nf3 d6 3. d4 cxd4 4.
Nxd4 Nf6 5. Nc3 a6 6. Be3 e5 7.
Nb3 Be7 8. h3 h5 9. Be2 Be6 10.
O-O Nbd7 11. Kh1 Rc8 12. f4 exf4 13. Bxf4 Ne5 14. Nd4 b5 15. a3 h4 16. Nf5 Bxf5 17. exf5 O-O 18. Qd4 Qc7 19. Bg5 Qc5 20. Qxh4 Rfe8 21.
Rae1 Qa7 22. Qg3 Kf8 23. Rf4 Ned7 24. Rh4 Ng8 25. Rh7 Ndf6 26. Bxf6 Bxf6 27. Nd5 Be5 28.
Qg4 Qd4 29. Qxd4 Bxd4 30. Rd1 Rxe2 31. Rxd4 Rcxc2 32. Rg4 Rcd2 33. Nf4 Re1+ 34. Kh2 Nf6 35. Rgxg7 Nxh7 36. Rxh7 Ke7 37. h4 Kf6 38. h5 Kxf5 39. Rxf7+ Kg4 40. h6 Rdd1 41. g3 Rd2+ 42. Ng2 Ree2 43.
Rg7+ Kf3 44. Rf7+ Kg4 45. Rg7+ Kf5 46. h7 Rxg2+ 47. Kh1 Rh2+ 48. Kg1 Kf6 0-1